 Dungeon Crawl Stone Soup version 0.28-a0-1594-ga885d4b3d6 (webtiles) character file.

Game seed: 4370758743738409468

1816 mcsnuffy the Slicer (level 9, -1/47 HPs)
             Began as a Vine Stalker Brigand on Jan 20, 2022.
             Was an Initiate of Okawaru.
             Slain by Maggie (3 damage)
             ... on level 6 of the Dungeon.
             The game lasted 00:21:39 (4403 turns).

mcsnuffy the Slicer (Vine Stalker Brigand)          Turns: 4403, Time: 00:21:40

Health: -1/47      AC:  6    Str: 18    XL:     9   Next: 10%
Magic:  0/10       EV: 17    Int: 11    God:    Okawaru [......]
Gold:   217        SH:  0    Dex: 22    Spells: 8/8 levels left

rFire   . . .      SeeInvis .   m - +0 rapier
rCold   . . .      Faith    .   (no shield)
rNeg    . . .      Spirit   +   p - +0 ring mail
rPois   .          Reflect  .   (no helmet)
rElec   .          Harm     .   c - +0 cloak
rCorr   .          Rampage  .   (no gloves)
Will    +....                   (no boots)
Stlth   +++.......              (no amulet)
HPRegen 0.95/turn               D - +6 ring of dexterity
MPRegen 0.12/turn               (no ring)

@: hasted, very quick
A: fangs 3, regeneration 1, magic shield, antimagic bite, no potion heal 2
a: Renounce Religion


You were on level 6 of the Dungeon.
You worshipped Okawaru.
Okawaru was noncommittal.
You visited 1 branch of the dungeon, and saw 6 of its levels.
You also visited: Sewer.

You collected 217 gold pieces.


Innate Abilities, Weirdness & Mutations

You have razor-sharp teeth.
Your natural rate of healing is unusually fast.
When hurt, damage is shared between your health and your magic reserves.
Your bite disrupts and absorbs the magic of your enemies.
Potions cannot restore your health.


   Skills:
 + Level 5.1 Fighting
 - Level 9.2 Short Blades
 - Level 3.0 Throwing
 - Level 8.5 Dodging
 - Level 5.0 Stealth


You had 8 spell levels left.
You didn't know any spells.
Your spell library contained the following spells:

 Spells                   Type           Power      Damage    Failure   Level
 Portal Projectile        Hex/Tloc       0%         N/A       88%         3
 Leda's Liquefaction      Hex/Erth       0%         N/A       99%         4
 Borgnjor's Revivificati  Necr           0%         N/A       100%        8
 Necromutation            Tmut/Necr      0%         N/A       100%        8
 Death's Door             Necr           0%         N/A       100%        9
 Call Canine Familiar     Summ           Unusable   N/A       N/A         3

Inventory:

Hand Weapons
 a - a +2 dagger
 m - a +0 rapier (weapon)
Missiles
 d - 9 poisoned darts (quivered)
Armour
 b - a +0 robe
 c - a +0 cloak (worn)
 p - a +0 ring mail (worn)
Magical Staves
 k - a staff of fire {!a}
Jewellery
 D - a +6 ring of dexterity (left hand)
Scrolls
 f - a scroll of holy word
 i - a scroll of teleportation {@r2}
 l - 2 scrolls of immolation
 n - a scroll of magic mapping
 r - a scroll of vulnerability {unknown}
 s - 2 scrolls of enchant armour {unknown}
 w - a scroll of fear {unknown}
 x - a scroll of enchant weapon {unknown}
 y - a scroll of amnesia {unknown}
 A - a scroll of summoning {unknown}
Potions
 g - a potion of heal wounds {@q2}
 h - a potion of might {unknown}
 o - 2 potions of curing {@q1}
 q - a potion of brilliance {unknown}
 t - 3 potions of attraction {unknown}
 u - a potion of flight {unknown}
 v - a potion of lignification {unknown}
 z - a potion of resistance {unknown}

Dungeon Overview and Level Annotations

Branches:
Dungeon (6/15)              Sewer (visited)
 Temple: D:4-7

Altars:
Okawaru
Qazlal

Shops:
D:4 [

Annotations:
D:2 1 runed translucent door, exclusion: door, Crazy Yiuf
D:6 Maggie

. .. .. ##. <... #..
..##.. ..... #.# #.....#
### # ..... #.#
##....##.#(#.#:#)....##.#
#.......@@(.($...........
..#....#.#.#.#.##........
#....### # #.........
#....### #......†.<
#......#### ##.........
#.........###..........
#.#######..............
#.#........#...........
....#######...##.....#.


You could see Maggie (magic disrupted).


Message History

Use which ability? (? or * to list)
Okay, then.
Okay, then.
You hit Maggie but do no damage. You bite Maggie.
Maggie's magic leaks into the air.
You drain her magic.
You feel invigorated.
Maggie is heavily wounded.
You closely miss Maggie.
Maggie is heavily wounded.
Maggie falters for a moment.
You barely miss Maggie. Your punch misses Maggie. Your bite misses Maggie.
Maggie is heavily wounded.
You barely miss Maggie. You bite Maggie.
Maggie's magic leaks into the air.
You drain her magic.
You feel invigorated.
Maggie is heavily wounded.
Maggie falters for a moment.
You hit Maggie but do no damage. Your bite misses Maggie.
Maggie is heavily wounded.
You closely miss Maggie.
Maggie is heavily wounded.
Maggie hits you with a +3 long sword of flaming!
* * * LOW HITPOINT WARNING * * *
Maggie burns you.
* * * LOW HITPOINT WARNING * * *
It was a potion of heal wounds.
That seemed strangely inert.
You hit Maggie.
Maggie is severely wounded.
Maggie hits you with a +3 long sword of flaming!
* * * LOW HITPOINT WARNING * * *
Maggie burns you.
You die...

Skill      XL: |  1  2  3  4  5  6  7  8  9 |
---------------+----------------------------+-----
Short Blades   | 2 3 4 9 |  9.2
Stealth        | 5 |  5.0
Fighting       | 2 3 4 5 |  5.1
Throwing       | 2 3 |  3.0
Dodging        | 2 3 8 |  8.5

Action                   |  1- 3 |  4- 6 |  7- 9 || total
-------------------------+-------+-------+-------++-------
Melee: Dagger            |    73 |    40 |       ||   113
       Bite              |    14 |    33 |    56 ||   103
       Punch             |     1 |     1 |     2 ||     4
       Rapier            |       |    55 |   157 ||   212
Throw: Dart              |    12 |     6 |     9 ||    27
  Use: Scroll            |       |     5 |     3 ||     8
       Potion            |       |       |     3 ||     3
 Stab: Sleeping          |    10 |     4 |     3 ||    17
       Distracted        |       |     1 |       ||     1
Armor: Robe              |    10 |     4 |       ||    14
       Ring mail         |       |    12 |    31 ||    43
Dodge: Dodged            |    35 |    41 |    77 ||   153

Levels and vault maps discovered:
D:1:      wheals_arrival_shading, layout_basic, minmay_lizard_king
D:2:      layout_basic, uniq_crazy_yiuf_cottage, uniq_sigmund
D:3:      layout_basic, ebering_ecumenical_altar_webs, minmay_misc_feat_five,
          minmay_misc_feat_pillars, hex_intersection, minmay_misc_feat_cross
D:4:      layout_loops_cross, serial_shops, nicolae_shop_behind_doors,
          cheibrodos_sewer_entry_drain, minmay_cut_off
D:5:      layout_basic, mainiacjoe_overflow_boulevard,
          mainiacjoe_overflow_brackets
D:6:      layout_rooms, nicolae_uskayaw_dance_hall,
          minmay_temple_entry_from_below_b, small_statue_intersection,
          minmay_misc_feat_hallway, grunt_ministairs_11, uniq_maggie

Notes
Turn   | Place    | Note
-------+----------+-------------------------------------------
     0 | D:1      | mcsnuffy the Vine Stalker Brigand began the quest for the
                  | Orb.
     0 | D:1      | Reached XP level 1. HP: 11/11 MP: 2/2
   206 | D:1      | Reached skill level 2 in Short Blades
   206 | D:1      | Reached skill level 5 in Stealth
   255 | D:1      | Reached XP level 2. HP: 15/15 MP: 3/3
   284 | D:1      | Reached skill level 2 in Fighting
   810 | D:2      | Reached XP level 3. HP: 18/18 MP: 4/4
  1196 | D:2      | Reached skill level 2 in Throwing
  1247 | D:2      | Reached skill level 3 in Short Blades
  1247 | D:2      | Gained mutation: Your natural rate of healing is unusually
                  | fast. [Vine Stalker growth]
  1247 | D:2      | Reached XP level 4. HP: 23/23 MP: 5/5
  1327 | D:2      | Found a runed translucent door.
  1328 | D:2      | Noticed Crazy Yiuf
  1420 | D:2      | Reached skill level 3 in Fighting
  1735 | D:3      | Reached XP level 5. HP: 28/28 MP: 6/6
  1779 | D:3      | Reached skill level 3 in Throwing
  1809 | D:3      | Found a faded altar of an unknown god.
  2226 | D:2      | Noticed Sigmund
  2286 | D:2      | Killed Sigmund
  2287 | D:2      | Reached skill level 4 in Short Blades
  2287 | D:2      | Reached skill level 2 in Dodging
  2287 | D:2      | Reached XP level 6. HP: 17/32 MP: 3/7
  2505 | D:4      | Found Ququrhei's Armour Boutique.
  2608 | D:4      | Found a glowing drain.
  2640 | Sewer    | Entered a sewer
  2691 | Sewer    | Noticed a water moccasin
  2712 | Sewer    | Killed a water moccasin
  2713 | Sewer    | Reached skill level 3 in Dodging
  2713 | Sewer    | Reached XP level 7. HP: 16/36 MP: 4/8
  2774 | Sewer    | Identified a potion of experience
  2775 | Sewer    | Reached skill level 9 in Short Blades
  2775 | Sewer    | Reached skill level 8 in Dodging
  2775 | Sewer    | Gained mutation: You have razor-sharp teeth. [Vine Stalker
                  | growth]
  2775 | Sewer    | Reached XP level 8. HP: 40/40 MP: 9/9
  3497 | D:5      | Entered Level 5 of the Dungeon
  3517 | D:5      | Reached skill level 4 in Fighting
  3666 | D:5      | Found a stormy altar of Qazlal.
  3867 | D:5      | Found an iron altar of Okawaru.
  3874 | D:5      | Became a worshipper of Warmaster Okawaru
  3885 | D:5      | Reached XP level 9. HP: 43/46 MP: 10/10
  3986 | D:5      | Reached skill level 5 in Fighting
  4367 | D:6      | Noticed Maggie
  4403 | D:6      | HP: 2/47 [Maggie (9)]
  4403 | D:6      | Slain by Maggie

Vanquished Creatures
  Sigmund (D:2)
  A water moccasin (Sewer)
  A black bear (D:5)
  2 necrophages
  An ogre (D:4)
  4 scorpions
  A howler monkey (D:5)
  2 centaur zombies (D:5)
  2 bullfrog skeletons
  An orc priest (D:5)
  5 iguanas
  9 adders
  4 gnolls (D:2)
  A shadow imp (D:4)
  6 worms
  A dart slug (D:1)
  7 orcs
  7 ball pythons
  4 endoplasms
  3 giant cockroaches
  6 goblins
  4 hobgoblins
  4 jackals
  A quokka (D:2)
  4 bats
  13 frilled lizards
  4 kobolds
  4 rats
103 creatures vanquished.

Vanquished Creatures (others)
  8 plants (D:1)
8 creatures vanquished.

Grand Total: 111 creatures vanquished

Table legend: (Time is in decaauts)
 A = Elapsed time spent in this place.
 B = Non-inter-level travel time spent in this place.
 C = Inter-level travel time spent in this place.
 D = Time resting spent in this place.
 E = Time spent auto-exploring this place.
 F = Levels seen in this place.
 G = Mean time per level.
                   A        B        C        D        E       F      G
               +--------+--------+--------+--------+--------+-----+--------+
         Total |   4349 |   4134 |    215 |    166 |   2548 |   7 |  621.3 |
       Dungeon |   4174 |   3959 |    215 |    135 |   2507 |   6 |  695.7 |
         Sewer |    174 |    174 |      0 |     31 |     41 |   1 |  174.0 |
               +--------+--------+--------+--------+--------+-----+--------+

Top non-repeatable levels by time:
     D:2: 859 daAuts
     D:4: 843 daAuts
     D:1: 803 daAuts
     D:5: 799 daAuts
     D:3: 796 daAuts
   Sewer: 174 daAuts
     D:6: 72 daAuts

Table legend:
 A = Non-vault XP
 B = Vault XP
 C = Vault XP percentage of total XP
 D = Non-vault monster count
 E = Vault monster count
 F = Vault count percentage of total count
                 A         B        C        D         E       F
            +---------+---------+-------+---------+---------+-------
      Total |    1484 |     473 |  24.2 |      85 |      18 |  17.5
            +---------+---------+-------+---------+---------+-------
        D:1 |      22 |      10 |  31.2 |      13 |      10 |  43.5
        D:2 |     125 |     227 |  64.5 |      18 |       1 |   5.3
        D:3 |      44 |       0 |   0.0 |      17 |       0 |   0.0
        D:4 |     481 |      89 |  15.6 |      17 |       5 |  22.7
        D:5 |     777 |       0 |   0.0 |      19 |       0 |   0.0
        D:6 |      35 |       0 |   0.0 |       1 |       0 |   0.0
      Sewer |       0 |     147 | 100.0 |       0 |       2 | 100.0
            +---------+---------+-------+---------+---------+-------
